 Dungeon Crawl Stone Soup version 0.30-a0-159-g068b764562 (webtiles) character file.

Game seed: 1533496563689672864

86 Flugkiller the Conjurer (level 4, -2/48 HPs)
             Began as an Ogre Reaver on Sept 27, 2022.
             Killed by nerve-wracking pain
             ... invoked by Grinder
              (9 damage)
             ... on level 3 of the Dungeon.
             The game lasted 00:02:18 (2037 turns).

Flugkiller the Conjurer (Ogre Reaver)               Turns: 2037, Time: 00:02:18

Health: -2/48      AC:  7    Str: 16    XL:     4   Next: 50%
Magic:  5/8        EV:  9    Int: 16    God:
Gold:   80         SH:  0    Dex:  7    Spells: 6/9 levels left

rFire   . . .      SeeInvis .    a - +0 mace
rCold   . . .      Faith    .    (no shield)
rNeg    . . .      Spirit   .    b - +0 robe
rPois   .          Reflect  .    (helmet restricted)
rElec   .          Harm     .    (no cloak)
rCorr   .          Rampage  .    (gloves unavailable)
Will    .....                    (boots unavailable)
Stlth   +.........               (no amulet)
HPRegen 0.16/turn                p - +4 ring of protection
MPRegen 0.11/turn                j - +4 ring of slaying

@: no status effects
A: large, unfitting armour, tough skin 1
a: no special abilities


You were on level 3 of the Dungeon.
You visited 1 branch of the dungeon, and saw 3 of its levels.

You collected 80 gold pieces.

Inventory:

Hand Weapons
 a - a +0 mace (weapon)
Armour
 b - a +0 robe (worn)
Jewellery
 j - a +4 ring of slaying (right hand)
   (You found it on level 1 of the Dungeon)
 k - a ring of resist corrosion
   (You found it on level 1 of the Dungeon)
 o - a ring of positive energy
   (You found it on level 2 of the Dungeon)
 p - a +4 ring of protection (left hand)
   (You found it on level 1 of the Dungeon)
Scrolls
 c - 5 scrolls of amnesia
 d - 2 scrolls of blinking {unknown}
 e - a scroll of butterflies {unknown}
 f - a scroll of magic mapping {unknown}
 g - a scroll of brand weapon {unknown}
 i - 5 scrolls of teleportation {unknown}
 m - a scroll of fear {unknown}
 q - 2 scrolls of identify {unknown}
Potions
 h - 2 potions of haste {unknown}
 l - a potion of degeneration {unknown}
 n - a potion of curing {unknown}
 r - a potion of lignification {unknown}
 s - 2 potions of brilliance {unknown}


   Skills:
 + Level 3.8 Fighting
 - Level 2.6 Maces & Flails
 - Level 1.7 Dodging
 + Level 3.3 Spellcasting
 * Level 3.8 Conjurations


You had 6 spell levels left.
You knew the following spells:

 Your Spells              Type           Power      Damage    Failure   Level
a - Kiss of Death         Conj/Necr      32%        2d7       9%          1
b - Volcanic Tap          Conj/Fire/Erth 12%        3d8       16%         2

Your spell library contained the following spells:

 Spells                   Type           Power      Damage    Failure   Level
 Hailstorm                Conj/Ice       8%         3d4       26%         3


Dungeon Overview and Level Annotations

Branches:
Dungeon (3/15) Zot: 15934

Altars:

Annotations:
D:3 Grinder


Innate Abilities, Weirdness & Mutations

You are too large for most types of armour.
You have tough skin. (AC +1)


Message History

The sling bullet hits you but does no damage.
Found an emerald potion.
The goblin unwields a +0 sling.
The goblin wields a +0 dagger.
The goblin hits you but does no damage.
Things that are here:
a +0 dagger; 3 stones; a kobold corpse You miss the goblin.
The goblin barely misses you.
You completely miss the goblin.
The goblin hits you but does no damage. x2
You miss the goblin. The goblin hits you with a +0 dagger.
You hit the goblin.
You kill the goblin!
No target in view!
No target in view!
No target in view!
Found a war axe.
You now have 68 gold pieces (gained 8).
Things that are here:
a +0 dagger; a +0 sling
i - 5 scrolls labelled BUPUSK APOFI (gained 1)
s - 2 emerald potions (gained 1)
You now have 80 gold pieces (gained 12).
Grinder comes into view.
Grinder shouts!
Grinder is nearby!
Grinder is nearby!
Grinder gestures at you.
You suddenly lose the ability to move!
Grinder blinks!
You can move again.
You start waiting.
Grinder is nearby!
Casting: Volcanic Tap (safe; 16% risk of failure)
Confirm with . or Enter, or press ? or * to list all spells.
Aiming: Volcanic Tap (safe; 16% risk of failure)
Press: ? - help, Dir - move target, f - Grinder
Aim: Grinder (64% to hit)
The spray of magma hits Grinder.
You are fixed to the earth.
You barely miss Grinder.
Grinder is lightly wounded.
Grinder hits you!
You closely miss Grinder.
Grinder is lightly wounded.
Grinder hits you.
You writhe in agony.
You sock Grinder!
Grinder is heavily wounded.
Grinder blinks!
You are no longer bound to the earth.
Casting: Volcanic Tap (safe; 16% risk of failure)
Confirm with . or Enter, or press ? or * to list all spells.
Aiming: Volcanic Tap (safe; 16% risk of failure)
Press: ? - help, Dir - move target, f/p - Grinder
Aim: Grinder (heavily wounded, 64% to hit)
The spray of magma hits Grinder!!
You are fixed to the earth.
Grinder hits you but does no damage.
You barely miss Grinder.
Grinder is almost dead.
Grinder hits you.
You writhe in agony.
Grinder hits you.
You barely miss Grinder.
Grinder is almost dead.
Grinder gestures at you. You resist with significant effort.
You closely miss Grinder.
Grinder is almost dead.
Grinder hits you.
You writhe in agony.
* * * LOW HITPOINT WARNING * * *
Unknown command.
You barely miss Grinder.
Grinder is almost dead.
Grinder hits you but does no damage.
Casting: Volcanic Tap (safe; 16% risk of failure)
Confirm with . or Enter, or press ? or * to list all spells.
You are already bound to the earth.
Unknown command.
You aren't carrying any items that you can evoke.
Unknown command.
You barely miss Grinder.
Grinder is almost dead.
Grinder hits you.
* * * LOW HITPOINT WARNING * * *
You writhe in agony.
* * * LOW HITPOINT WARNING * * *
Grinder blinks!
Unknown command.
Casting: Volcanic Tap (safe; 16% risk of failure)
Confirm with . or Enter, or press ? or * to list all spells.
You are already bound to the earth.
Unknown command.
Casting: Volcanic Tap (safe; 16% risk of failure)
Confirm with . or Enter, or press ? or * to list all spells.
Aiming: Kiss of Death (safe; 9% risk of failure)
Press: ? - help, Shift-Dir - straight line, f - you, p - Grinder That would be overly suicidal.
Okay, then.
Unknown command.
Unknown command.
You closely miss Grinder.
Grinder is almost dead.
You are no longer bound to the earth.
Grinder gestures at you. Pain shoots through your body!
You die...

##.## ##...##
#..#..#
##...##
##.#.#.##
#.[.)...#
###.#)###
##......5##
#.#.#.#@#.#
#)........#
#####.#####..#
#........#
####.##.... .#
# .# .# .#


You could see Grinder.

Vanquished Creatures
  5 adders (D:2)
  2 worms
  A ball python (D:1)
  3 bats
  5 endoplasms
  4 goblins
  A hobgoblin (D:2)
  A kobold (D:3)
  3 quokkas
  6 rats
31 creatures vanquished.

Vanquished Creatures (others)
  A jelly (D:2)
  Natasha (D:2)
  An adder (D:2)
  A kobold (D:2)
  4 demonic plants (D:2)
  9 fungi (D:2)
  6 plants (D:2)
  2 withered plants (D:2)
25 creatures vanquished.

Grand Total: 56 creatures vanquished

Notes
Turn   | Place    | Note
-------+----------+-------------------------------------------
     0 | D:1      | Flugkiller the Ogre Reaver began the quest for the Orb.
     0 | D:1      | Reached XP level 1. HP: 22/22 MP: 3/3
   706 | D:1      | Reached XP level 2. HP: 29/29 MP: 5/5
  1066 | D:2      | Learned a level 2 spell: Volcanic Tap
  1132 | D:2      | Reached XP level 3. HP: 36/37 MP: 7/7
  1212 | D:2      | Noticed Natasha
  1216 | D:2      | Killed Natasha
  1335 | D:2      | Found a faded altar of an unknown god.
  1609 | D:2      | Reached XP level 4. HP: 40/46 MP: 8/8
  2013 | D:3      | Noticed Grinder
  2014 | D:3      | Paralysed by Grinder for 2 turns
  2037 | D:3      | Killed from afar by Grinder

Illustrated notes

Levels and vault maps discovered:
D:1:      evilmike_arrival_fibonacci_small, layout_basic
D:2:      layout_loops_cross, shapermc_ecumenical_altar_gd, minmay_mini_jars,
          uniq_natasha
D:3:      minmay_spotlight, layout_loops_ring, nicolae_overflows_in_rows,
          uniq_grinder

Skill      XL: |  1  2  3 |
---------------+----------+-----
Fighting       | 3 |  3.8
Conjurations   | 3 |  3.8
Spellcasting   | 3 |  3.3
Maces & Flails | |  2.6
Dodging        | |  1.7

Action                   |  1- 3 |  4- 6 || total
-------------------------+-------+-------++-------
Melee: Mace              |    64 |    35 ||    99
       Punch             |     1 |     3 ||     4
 Cast: Kiss of Death     |     1 |       ||     1
       Volcanic Tap      |     3 |     3 ||     6
  Use: Scroll            |     1 |       ||     1
Armor: Robe              |    34 |    25 ||    59
Dodge: Dodged            |    35 |     8 ||    43

Table legend: (Time is in decaauts)
 A = Elapsed time spent in this place.
 B = Non-inter-level travel time spent in this place.
 C = Inter-level travel time spent in this place.
 D = Time resting spent in this place.
 E = Time spent auto-exploring this place.
 F = Levels seen in this place.
 G = Mean time per level.
                   A        B        C        D        E       F      G
               +--------+--------+--------+--------+--------+-----+--------+
         Total |   2064 |   2027 |     37 |    706 |   1008 |   3 |  688.0 |
       Dungeon |   2064 |   2027 |     37 |    706 |   1008 |   3 |  688.0 |
               +--------+--------+--------+--------+--------+-----+--------+

Top non-repeatable levels by time:
     D:2: 1110 daAuts
     D:1: 880 daAuts
     D:3: 73 daAuts
